[Event "Team 45 45 League T71"]
[Site "Internet Chess Club"]
[Date "2017.01.09"]
[Round "4"]
[White "achessman"]
[Black "SlimeDog2"]
[Result "1/2-1/2"]
[WhiteElo "1890"]
[BlackElo "2070"]
[Opening "Ruy Lopez: closed defense"]
[ECO "C84"]
[Time "23:02:58"]
[TimeControl "2700+45"]

1. e4 e5 2. Nf3 Nc6 3. Bb5 a6 4. Ba4 Nf6 5. O-O Be7 6. c3 Nxe4 7. Re1 Nc5 8.
Bxc6 dxc6 9. Nxe5 Be6 10. d4 Nd7 11. Bf4 Nxe5 12. Bxe5 O-O 13. Nd2 Qd7 14. Qf3
f6 15. Bxc7 Bxa2 16. Rxa2 Qxc7 17. b4 Rfe8 18. Nf1 Qd7 19. Rae2 a5 20. bxa5 Rxa5
21. Re6 Kf7 22. Qh3 Kg8 23. Qe3 Kf7 24. Qh3 Kg8 25. Qe3 Kf7 26. Qh3 {Game drawn
by repetition} 1/2-1/2

[Event "Team 45 45 League T71"]
[Site "Internet Chess Club"]
[Date "2017.01.06"]
[Round "4"]
[White "qs16"]
[Black "LookImYourVader"]
[Result "0-1"]
[WhiteElo "1543"]
[BlackElo "1777"]
[Opening "Queen's pawn game"]
[ECO "A45"]
[Time "15:01:08"]
[TimeControl "2700+45"]

1. d4 Nf6 2. Nd2 d5 3. e3 c5 4. c3 Nc6 5. Bd3 Bg4 6. Ngf3 e5 7. dxe5 Nxe5 8.
Bb5+ Nc6 9. O-O Bd6 10. h3 Bh5 11. Bxc6+ bxc6 12. Qa4 Qc7 13. Re1 O-O 14. e4
Bxf3 15. Nxf3 Nxe4 16. Be3 Rab8 17. Qc2 Rfe8 18. Ng5 h6 19. Nxe4 Rxe4 20. b3
Rbe8 21. Bd2 Qe7 22. Kf1 Qe5 23. Rxe4 Qxe4 24. Qxe4 Rxe4 25. Rd1 f5 26. f3 Re7
27. Kf2 Kf7 28. Be1 Bf4 29. g3 Be3+ 30. Ke2 g5 31. Kd3 Kf6 32. Bd2 Bxd2 33. Kxd2
f4 34. g4 Re3 35. Rf1 Kg6 36. Rf2 Kf6 37. Rf1 d4 38. c4 d3 39. Rf2 Ke5 40. Kc3
Re2 41. Rf1 d2 42. Rd1 Rf2 43. Rxd2 Rxd2 44. Kxd2 Kd4 45. a3 a6 46. Kc2 Ke3
{White resigns} 0-1

[Event "Team 45 45 League T71"]
[Site "Internet Chess Club"]
[Date "2017.01.10"]
[Round "4"]
[White "WillC"]
[Black "AVEMARIA"]
[Result "0-1"]
[WhiteElo "1684"]
[BlackElo "1700"]
[Opening "Queen's pawn game, Darooha variation "]
[ECO "D02"]
[Time "17:30:42"]
[TimeControl "2700+45"]

1. d4 d5 2. Nf3 Nf6 3. b3 e6 4. Bb2 Be7 5. e3 O-O 6. Bd3 Nbd7 7. O-O c5 8. Nbd2
a6 9. c4 cxd4 10. exd4 dxc4 11. Nxc4 Nb6 12. Rc1 Bd7 13. Nce5 Rc8 14. Nxd7 Qxd7
15. Qe2 Rxc1 16. Rxc1 Rc8 17. Rxc8+ Qxc8 18. h3 Nbd5 19. g3 Bd6 20. Kg2 h5 21.
Bb1 Qc7 22. Ne5 Nc3 23. Qd3 Nxb1 24. Qxb1 Bxe5 25. dxe5 Qc6+ 26. f3 Nd5 27. Qe4
Qc5 28. Qe2 Qe3 29. Kf1 Qg5 30. Qf2 Ne3+ 31. Ke2 Nf5 32. g4 hxg4 33. hxg4 Ne7
34. Qe3 Qh4 35. Qf2 Qh7 36. Kf1 Qb1+ 37. Kg2 Qxa2 38. b4 Nd5 39. Qd4 Qb3 40. b5
Qxb5 41. Bc1 Qe2+ 42. Qf2 Qxf2+ 43. Kxf2 Kf8 44. Ke2 Ke8 45. Kd3 Kd7 46. Kc4 Kc6
47. Ba3 g6 48. Bc1 b5+ 49. Kb3 Kc5 50. f4 a5 51. f5 gxf5 52. gxf5 a4+ 53. Ka3
Kc4 54. fxe6 fxe6 55. Bd2 Nc3 56. Bf4 b4+ 57. Kb2 Nd5 58. Bd2 a3+ 59. Ka2 Nc3+
{White resigns} 0-1

[Event "Team 45 45 League T71"]
[Site "Internet Chess Club"]
[Date "2017.01.08"]
[Round "4"]
[White "losscause"]
[Black "Konstantinos"]
[Result "0-1"]
[WhiteElo "1510"]
[BlackElo "1686"]
[Opening "Queen's bishop game"]
[ECO "D02"]
[Time "11:01:09"]
[TimeControl "2700+45"]

1. d4 d5 2. Nf3 Nf6 3. Bf4 e6 4. e3 a6 5. Be2 c5 6. c3 cxd4 7. exd4 Be7 8. O-O
O-O 9. Nbd2 Nc6 10. Ne5 Nxe5 11. Bxe5 Bd6 12. Nf3 Ne8 13. Bxd6 Nxd6 14. Ne5 f6
15. Nd3 b6 16. f4 Nc4 17. Qc1 Qe8 18. b3 Nd6 19. Bf3 Rb8 20. Re1 Qg6 21. Nf2 Nb5
22. a4 Nd6 23. c4 dxc4 24. bxc4 Bd7 25. c5 bxc5 26. Qxc5 Nf5 27. Qa7 Nh4 28. Kh1
Nxf3 29. gxf3 Bc6 30. Ne4 Bxe4 31. Rxe4 Rb2 32. Rg1 Qh6 33. Rg2 {White resigns}
0-1

[Event "Team 45 45 League T71"]
[Site "Internet Chess Club"]
[Date "2017.01.08"]
[Round "4"]
[White "jjimalo"]
[Black "Elton2013"]
[Result "1/2-1/2"]
[WhiteElo "1771"]
[BlackElo "1816"]
[Opening "King's Indian: fianchetto without c4"]
[ECO "A49"]
[Time "13:01:23"]
[TimeControl "2700+45"]

1. d4 Nf6 2. Nf3 g6 3. g3 Bg7 4. Bg2 O-O 5. c4 c6 6. O-O d6 7. Nc3 Nbd7 8. e4
Qc7 9. h3 e5 10. Be3 Re8 11. Qd2 Nf8 12. Rfe1 Ne6 13. b4 Bd7 14. Rac1 a5 15. b5
exd4 16. Nxd4 Nxd4 17. Bxd4 Be6 18. Qd3 Nd7 19. Bxg7 Kxg7 20. Red1 Ne5 21. Qxd6
Qxd6 22. Rxd6 Nxc4 23. Rd4 Rad8 24. Rcd1 Rxd4 25. Rxd4 Kf6 26. a4 c5 27. Nd5+
Bxd5 28. Rxd5 Re5 29. Rd7 b6 30. f4 Re8 31. h4 Ne3 32. Rd6+ Re6 33. e5+ Ke7 34.
Rd3 Nxg2 35. Kxg2 f6 36. exf6+ Kxf6 37. Kf3 h5 38. Rd5 Ke7 39. Rd1 Rd6 40. Re1+
Kf6 41. Re8 Kf7 42. Rb8 Ke6 43. Ke4 Kf6 44. Rb7 Re6+ 45. Kf3 Kf5 46. Rf7+ Rf6
47. Rb7 Rd6 48. Rf7+ Ke6 49. Rb7 Kd5 50. Rc7 c4 51. Ke3 Re6+ 52. Kd2 Kd4 53. Rc6
Kd5 54. Rc7 Kd4 55. Rc6 Kd5 56. Rc7 Kd4 57. Rc6 {Game drawn by repetition}
1/2-1/2

[Event "Team 45 45 League T71"]
[Site "Internet Chess Club"]
[Date "2017.01.09"]
[Round "4"]
[White "vjbaker"]
[Black "elmaestro"]
[Result "1-0"]
[WhiteElo "1791"]
[BlackElo "1700"]
[Opening "Sicilian: Najdorf, Göteborg (Argentine) variation"]
[ECO "B98"]
[Time "19:06:25"]
[TimeControl "2700+45"]

1. e4 c5 2. Nf3 d6 3. d4 cxd4 4. Nxd4 Nf6 5. Nc3 a6 6. Bg5 e6 7. f4 Be7 8. Qf3
h6 9. Bh4 g5 10. fxg5 Nfd7 11. Bg3 hxg5 12. Bd3 Nc6 13. Rf1 Nde5 14. Qf2 f6 15.
O-O-O Qb6 16. Be2 Bd7 17. h4 gxh4 18. Bxh4 Nxd4 19. Rxd4 O-O-O 20. Bg3 Rhg8 21.
Bxe5 dxe5 22. Rc4+ Qc6 23. Rxc6+ Bxc6 24. Qb6 Rxg2 25. Bxa6 Rdd2 26. Bd3 f5 27.
Rd1 Bg5 28. Rxd2 Rxd2 29. Kb1 fxe4 30. Qg1 Bf4 31. Bxe4 Bxe4 32. Nxe4 Re2 33.
Nc5 Be3 34. Qd1 Rd2 35. Qe1 Bf4 36. Nxe6 Rh2 37. Nxf4 exf4 38. a3 f3 39. Qe5 f2
40. Qf5+ Kd8 41. Qf3 Kc8 42. Kc1 Kd8 43. Kd1 Kc8 44. Ke2 f1=Q+ 45. Kxf1 Rxc2 46.
Qf5+ Kb8 47. Qxc2 {Black resigns} 1-0

[Event "Team 45 45 League T71"]
[Site "Internet Chess Club"]
[Date "2017.01.09"]
[Round "4"]
[White "pishd"]
[Black "ArielS"]
[Result "1-0"]
[WhiteElo "1746"]
[BlackElo "1585"]
[Opening "Queen's pawn game"]
[ECO "D04"]
[Time "13:01:38"]
[TimeControl "2700+45"]

1. d4 Nf6 2. Nf3 d5 3. e3 Bg4 4. h3 Bh5 5. g4 Bg6 6. Ne5 e6 7. h4 h6 8. Nxg6
fxg6 9. Bd3 Kf7 10. f4 c5 11. c3 c4 12. Bc2 Qc7 13. Qf3 Bd6 14. g5 Nh5 15. Rg1
Nd7 16. e4 Qc6 17. e5 Be7 18. Be3 b5 19. a3 a5 20. Qg4 Nf8 21. f5 exf5 22. Bxf5
gxf5 23. Qxh5+ g6 24. Qf3 h5 25. Nd2 b4 26. axb4 axb4 27. Kf2 Nd7 28. Kg3 Nb6
29. Rge1 Rxa1 30. Rxa1 Ra8 31. Qd1 b3 32. Nf3 Ke6 33. Ne1 Ra2 34. Rb1 Na4 35.
Bc1 Ba3 36. Qd2 Qb6 37. Ng2 Qa5 38. Nf4+ Kf7 39. e6+ Kg7 40. Qe3 Qc7 41. bxa3 b2
42. Bxb2 Nxb2 43. e7 Qd7 44. e8=Q Qxe8 45. Qxe8 Nd3 46. Qxg6+ Kf8 47. Qf6+ Kg8
48. Rb8+ Kh7 49. Qg6# {Black checkmated} 1-0

[Event "Team 45 45 League T71"]
[Site "Internet Chess Club"]
[Date "2017.01.05"]
[Round "4"]
[White "f5"]
[Black "SlimeDog2"]
[Result "0-1"]
[WhiteElo "2045"]
[BlackElo "2078"]
[Opening "Trompowsky attack (Ruth, Opocenský opening)"]
[ECO "A45"]
[Time "23:01:04"]
[TimeControl "2700+45"]

1. d4 Nf6 2. Bg5 d5 3. Bxf6 gxf6 4. e3 c5 5. Nf3 Nc6 6. c3 e6 7. Nbd2 Be7 8. Be2
O-O 9. O-O Bd7 10. Re1 e5 11. Nf1 cxd4 12. exd4 e4 13. N3d2 f5 14. f4 Qb6 15.
Rb1 Nxd4 16. cxd4 Qxd4+ 17. Kh1 Qf2 18. Qb3 d4 19. Qxb7 Rad8 20. Nxe4 fxe4 21.
Qxe4 Rfe8 22. Bd3 Qh4 23. Qf3 Be6 24. b3 Bd6 25. Qg3+ Qxg3 26. hxg3 Bb4 27. Re2
Bg4 28. Rxe8+ Rxe8 29. Kg1 Be2 30. Bxe2 Rxe2 31. Rd1 Rxa2 32. Nh2 Bc3 33. Nf3
Ra3 34. Nxd4 Ra1 {White resigns} 0-1

[Event "Team 45 45 League T71"]
[Site "Internet Chess Club"]
[Date "2017.01.07"]
[Round "4"]
[White "searchforbobby1"]
[Black "primerpaso"]
[Result "0-1"]
[WhiteElo "1966"]
[BlackElo "1811"]
[Opening "Sicilian: Alapin's variation (2.c3)"]
[ECO "B22"]
[Time "19:03:54"]
[TimeControl "2700+45"]

1. e4 c5 2. c3 d5 3. exd5 Qxd5 4. d4 Nf6 5. Nf3 Bg4 6. Be2 e6 7. Na3 Be7 8. Nb5
Na6 9. O-O O-O 10. h3 Bh5 11. Be3 cxd4 12. c4 Qd8 13. Nfxd4 Bxe2 14. Qxe2 Nc5
15. Rfd1 Qc8 16. Qf3 Nce4 17. Rac1 Rd8 18. Nc3 Nxc3 19. Rxc3 e5 20. Nb3 Rxd1+
21. Qxd1 Ne4 22. Rc1 Qc7 23. Qd5 Nf6 24. Qa5 b6 25. Qb5 Rb8 26. Nd2 Rd8 27. Nf3
e4 28. Nd4 Bc5 29. Nf5 Qd7 30. Qxd7 Rxd7 31. Bxc5 bxc5 32. Rc3 Rb7 33. Ra3 g6
34. Ne3 Rxb2 35. Rxa7 Rb1+ 36. Kh2 Rb2 37. Kg1 Rb1+ 38. Kh2 Rb2 39. a4 Rxf2 40.
a5 Re2 41. Nd1 Rd2 42. Nc3 Rd4 43. a6 Rxc4 44. Rc7 Rxc3 45. a7 Ra3 46. Rc8+ Kg7
47. a8=Q Rxa8 48. Rxa8 Nd7 49. Rc8 Kf6 50. Rc7 Ke6 51. Rc6+ Kd5 52. Rc7 Kd6 53.
Rc8 Ne5 54. Kg3 Nd3 55. h4 f5 56. Kh2 Kd5 57. Kg1 Kd4 58. Kf1 c4 59. Ke2 Nf4+
60. Kf2 c3 61. g3 Nd3+ 62. Ke2 Nb4 63. Rc7 e3 64. Rxh7 Nd5 65. Kd1 Kd3 66. Ra7
c2+ 67. Kc1 e2 68. Ra3+ Nc3 69. Kb2 c1=Q+ 70. Kxc1 e1=Q+ 71. Kb2 Qb1# {White
checkmated} 0-1

[Event "Team 45 45 League T71"]
[Site "Internet Chess Club"]
[Date "2017.01.08"]
[Round "4"]
[White "VictorRed"]
[Black "ArturitoGalacti"]
[Result "0-1"]
[WhiteElo "1683"]
[BlackElo "1877"]
[Opening "French: Steinitz variation"]
[ECO "C11"]
[Time "19:02:07"]
[TimeControl "2700+45"]

1. d4 e6 2. e4 d5 3. Nc3 Nf6 4. e5 Nfd7 5. Nf3 c5 6. Bg5 Qa5 7. Bd2 cxd4 8. Nb5
Qb6 9. a4 Nc6 10. a5 Qd8 11. Bg5 Be7 12. Nd6+ Kf8 13. Bxe7+ Qxe7 14. Nxd4 Ndxe5
15. Nxc6 Nxc6 16. Nxc8 Rxc8 17. c3 g6 18. Bb5 Qc5 19. Qe2 Kg7 20. O-O a6 21.
Bxc6 Rxc6 22. Qe5+ f6 23. Qf4 e5 24. Qg4 Qe7 25. Rfe1 Rd8 26. f4 f5 27. Qe2 Qc5+
28. Kh1 e4 29. Red1 d4 30. cxd4 Rxd4 31. Rdb1 Qc2 32. Qe3 Qd3 33. Qf2 Rcd6 34.
h3 e3 35. Qh4 Rd7 36. Re1 Qe4 37. Ra3 Rd1 38. Qg3 Rxe1+ 39. Qxe1 e2 {White
resigns} 0-1

[Event "Team 45 45 League T71"]
[Site "Internet Chess Club"]
[Date "2017.01.06"]
[Round "4"]
[White "Bluecat"]
[Black "room-matt"]
[Result "1-0"]
[WhiteElo "1899"]
[BlackElo "1862"]
[Opening "Queen's pawn: Torre attack"]
[ECO "A46"]
[Time "10:36:57"]
[TimeControl "2700+45"]

1. d4 Nf6 2. Nf3 e6 3. Bg5 c5 4. e3 Qb6 5. Nbd2 cxd4 6. exd4 Qxb2 7. Bd3 Nc6 8.
Nc4 Qb4+ 9. Bd2 Qe7 10. Bf4 Qd8 11. a3 d5 12. Nce5 Bd6 13. O-O Qc7 14. Qe2 b6
15. Bb5 Bb7 16. Nxf7 Qxf7 17. Bxd6 Qd7 18. Bb4 O-O-O 19. a4 Ne4 20. c4 Qc7 21.
Bxc6 Bxc6 22. Rfc1 Rhe8 23. a5 g6 24. axb6 axb6 25. Ne5 dxc4 26. Qxc4 {Black
resigns} 1-0

[Event "Team 45 45 League T71"]
[Site "Internet Chess Club"]
[Date "2017.01.07"]
[Round "4"]
[White "fishhead"]
[Black "Grann"]
[Result "0-1"]
[WhiteElo "1699"]
[BlackElo "1881"]
[Opening "Sicilian: Grand Prix attack"]
[ECO "B21"]
[Time "12:00:56"]
[TimeControl "2700+45"]

1. e4 c5 2. f4 Nc6 3. Nf3 g6 4. d3 Bg7 5. c3 d5 6. Qc2 Nh6 7. Be2 O-O 8. O-O c4
9. exd5 Qxd5 10. dxc4 Qc5+ 11. Kh1 Bf5 12. Qd2 Rad8 13. Qe3 Qa5 14. h3 Bxb1 15.
Rxb1 Qxa2 16. Bd2 Nf5 17. Qf2 Nd6 18. c5 Ne4 19. Qe3 Ng3+ {White resigns} 0-1

[Event "Team 45 45 League T71"]
[Site "Internet Chess Club"]
[Date "2017.01.08"]
[Round "4"]
[White "roji"]
[Black "Goli"]
[Result "1-0"]
[WhiteElo "1920"]
[BlackElo "1723"]
[Opening "Queen's pawn: London system"]
[ECO "A45"]
[Time "07:00:35"]
[TimeControl "2700+45"]

1. d4 Nf6 2. Bf4 g6 3. e3 Bg7 4. Be2 d6 5. Nc3 h6 6. a3 O-O 7. h4 c6 8. Qd2 Nbd7
9. e4 Kh7 10. e5 dxe5 11. dxe5 Ng8 12. O-O-O Qa5 13. Nf3 Nxe5 14. Nxe5 Bxe5 15.
Bxe5 Qxe5 16. f4 Qc7 17. h5 Be6 18. Ne4 Rad8 19. hxg6+ fxg6 20. Ng5+ Kh8 21.
Qc3+ Rf6 22. Nxe6 Rxd1+ 23. Rxd1 Qb6 24. Nc5 Qc7 25. Nd7 Qxf4+ 26. Kb1 Kh7 27.
Nxf6+ Nxf6 28. Bf3 e5 29. Qb3 h5 30. Qxb7+ Kh6 31. Qxc6 e4 32. Be2 Ng4 33. Qc3
Ne3 34. Qh8+ Kg5 35. Qd8+ Kh6 36. Rd6 Nxg2 37. Rf6 Qh4 38. Qf8+ Kg5 39. Rf2 Qg3
40. Qe7+ Kh6 41. Rf7 {Black resigns} 1-0

[Event "Team 45 45 League T71"]
[Site "Internet Chess Club"]
[Date "2017.01.09"]
[Round "4"]
[White "Packerfan"]
[Black "Capt-Morgan"]
[Result "0-1"]
[WhiteElo "1689"]
[BlackElo "1904"]
[Opening "Scandinavian (center counter) defense"]
[ECO "B01"]
[Time "10:00:22"]
[TimeControl "2700+45"]

1. e4 d5 2. exd5 Qxd5 3. Nc3 Qd8 4. d4 Nf6 5. Nf3 Bg4 6. Be2 c6 7. O-O e6 8. h3
Bh5 9. a3 Bd6 10. Bg5 Nbd7 11. Ne4 Be7 12. Nxf6+ Nxf6 13. c3 Qd5 14. Ne5 Bxe2
15. Qxe2 O-O 16. Rad1 Rfe8 17. Rfe1 Rad8 18. Bh4 Qb3 19. Nd3 Rd5 20. Ne5 Rdd8
21. Nd3 Nd7 22. Bxe7 Rxe7 23. Ne5 Nxe5 24. dxe5 Red7 25. Rxd7 Rxd7 26. f4 g6 27.
Rc1 Qb6+ 28. Kh2 Qd8 29. Rc2 Kg7 30. Kg1 Rd1+ 31. Kh2 h5 32. Qf2 Qd3 33. Qe2 Qd5
34. Qf2 c5 35. b4 c4 36. a4 Qd3 37. a5 h4 38. a6 bxa6 39. Ra2 Qb1 40. Qxh4 Qxa2
41. Qf6+ Kg8 42. f5 Qf2 {White resigns} 0-1

[Event "Team 45 45 League T71"]
[Site "Internet Chess Club"]
[Date "2017.01.08"]
[Round "4"]
[White "Portola"]
[Black "Lrn2Mate"]
[Result "1-0"]
[WhiteElo "1731"]
[BlackElo "1589"]
[Opening "King's Indian: East Indian defense"]
[ECO "A48"]
[Time "15:05:05"]
[TimeControl "2700+45"]

1. d4 Nf6 2. Nf3 g6 3. c3 Bg7 4. Bg5 d5 5. Nbd2 Nbd7 6. e3 O-O 7. Be2 c5 8. O-O
Qb6 9. Qb3 Qxb3 10. axb3 a6 11. Bd3 b5 12. Bxb5 Bb7 13. Bxd7 Nxd7 14. Bxe7 Rfc8
15. Bxc5 Nxc5 16. dxc5 Rxc5 17. b4 Rc7 18. Nb3 Rac8 19. Nc5 Ra8 20. Nxb7 Rxb7
21. Ra5 Rd7 22. Rd1 Bf8 23. Raxd5 Rda7 24. Ne5 a5 25. Nc6 Ra6 26. Nxa5 Be7 27.
Kf1 {Black resigns} 1-0

[Event "Team 45 45 League T71"]
[Site "Internet Chess Club"]
[Date "2017.01.05"]
[Round "4"]
[White "tryanything"]
[Black "rubo"]
[Result "1/2-1/2"]
[WhiteElo "1604"]
[BlackElo "1618"]
[Opening "Caro-Kann: two knights variation"]
[ECO "B11"]
[Time "17:54:30"]
[TimeControl "2700+45"]

1. e4 c6 2. Nc3 d5 3. Nf3 dxe4 4. Nxe4 Nf6 5. Ng3 Bg4 6. h3 Bxf3 7. Qxf3 Qc7 8.
d4 e6 9. Bf4 Bd6 10. Bxd6 Qxd6 11. c3 Nbd7 12. Bd3 O-O 13. O-O Rfe8 14. Rfe1 e5
15. Nf5 Qf8 16. Bc2 exd4 17. Nxd4 Rxe1+ 18. Rxe1 Re8 19. Rxe8 Qxe8 20. Qe2 {Game
drawn by mutual agreement} 1/2-1/2

[Event "Team 45 45 League T71"]
[Site "Internet Chess Club"]
[Date "2017.01.10"]
[Round "4"]
[White "g8wrb"]
[Black "clarinetref"]
[Result "0-1"]
[WhiteElo "1263"]
[BlackElo "1565"]
[Opening "Robatsch (modern) defense"]
[ECO "B06"]
[Time "09:12:09"]
[TimeControl "2700+45"]

1. e4 g6 2. Nf3 d6 3. Nc3 c6 4. d4 Bg4 5. Bc4 e6 6. h3 Bxf3 7. Qxf3 d5 8. Bd3
dxe4 9. Qxe4 Bg7 10. Be3 Nf6 11. Qf4 Nbd7 12. O-O Nb6 13. Rad1 O-O 14. Rfe1 Nbd5
15. Qf3 Qb6 16. Rb1 Rad8 17. Nxd5 Nxd5 18. c3 Qa5 19. Bc4 Ne7 20. Bf4 b5 21. Bb3
Qb6 22. Bg5 Rd7 23. Re2 a5 24. Qg4 Nf5 25. Rxe6 a4 26. Ree1 axb3 27. axb3 h5 28.
Qf3 f6 29. Bf4 Qb7 30. b4 Nh4 31. Qd3 c5 32. Qe4 Qxe4 33. Rxe4 g5 34. Bg3 f5 35.
Re6 cxd4 36. Bxh4 gxh4 37. cxd4 Rxd4 38. Rc6 Rxb4 39. Rc2 Re8 40. Kf1 Rbe4 41.
Rc5 R8e5 42. Rc8+ Kh7 43. Rb8 Rb4 44. Rb7 Rc5 45. Rd7 Rc2 46. Rd5 Kg6 47. Rd6+
Kg5 48. Rd7 Bd4 49. b3 Bxf2 50. Rd3 Bg3 51. Rf3 Re4 52. Rxg3+ hxg3 53. Ra1
{White resigns} 0-1

[Event "Team 45 45 League T71"]
[Site "Internet Chess Club"]
[Date "2017.01.06"]
[Round "4"]
[White "Littlemon"]
[Black "andrew37"]
[Result "1-0"]
[WhiteElo "1587"]
[BlackElo "1659"]
[Opening "Nimzo-Indian: Reshevsky variation"]
[ECO "E46"]
[Time "18:08:43"]
[TimeControl "2700+45"]

1. d4 Nf6 2. c4 e6 3. Nc3 Bb4 4. e3 O-O 5. Ne2 b6 6. a3 Bxc3+ 7. Nxc3 Bb7 8. d5
d6 9. g3 Nbd7 10. Bg2 e5 11. O-O Re8 12. e4 h6 13. Be3 Nf8 14. h3 Ng6 15. Nb5
Bc8 16. Qe2 Bd7 17. Rfc1 a6 18. Nc3 Rf8 19. Nb1 Nxe4 20. Bxe4 Bxh3 21. Qh5 Qd7
22. Bg2 Bg4 23. Qh1 Rae8 24. Nd2 Qe7 25. Rf1 Be2 26. Rfe1 Bd3 27. Be4 Bxe4 28.
Qxe4 f5 29. Qg2 Qf6 30. Nf3 f4 31. gxf4 exf4 32. Bd4 Ne5 33. Nxe5 dxe5 34. Bc3
Qf5 35. Re4 Rf6 36. Qf3 Rg6+ 37. Kf1 Rg5 38. Rae1 Qg6 39. Ke2 b5 40. c5 Qf7 41.
Qd3 Rd8 42. Rd1 Qh5+ 43. Kd2 Qf7 44. Kc2 Rg2 45. Rd2 c6 46. d6 a5 47. d7 a4 48.
Ba5 Rxd7 49. Qxd7 Qb3+ 50. Kc1 Qa2 51. Qc8+ Kh7 52. Qf5+ Rg6 53. Rd6 Qa1+ 54.
Kc2 {Black resigns} 1-0

[Event "Team 45 45 League T71"]
[Site "Internet Chess Club"]
[Date "2017.01.08"]
[Round "4"]
[White "VictorRed"]
[Black "bluesun"]
[Result "1-0"]
[WhiteElo "1692"]
[BlackElo "1486"]
[Opening "Queen's pawn game"]
[ECO "D00"]
[Time "17:03:35"]
[TimeControl "2700+45"]

1. d4 d5 2. g3 Nf6 3. Bg2 Bf5 4. Nc3 e6 5. Nf3 Nbd7 6. O-O h6 7. Bf4 a6 8. Ne5
c5 9. Nxd7 Qxd7 10. Re1 Rd8 11. b3 b5 12. e3 Be7 13. Rc1 O-O 14. Ne2 Rc8 15. h3
Nh5 16. g4 Nxf4 17. exf4 Bg6 18. c3 c4 19. Ng3 Ba3 20. f5 Bxc1 21. fxg6 fxg6 22.
Qxc1 Qf7 23. Re2 Rce8 24. b4 Re7 25. Qe1 Rfe8 26. Nf1 g5 27. Nd2 Rf8 28. Bxd5
Rfe8 29. Bg2 h5 30. Ne4 Qf4 31. gxh5 e5 32. d5 g4 33. d6 Re6 34. Re3 Qf5 35. Ng3
Qg5 36. Bd5 gxh3 37. d7 Rd8 38. Bxe6+ Kh8 39. Bxh3 g6 40. Rxe5 Qh4 41. Re8+ Rxe8
42. dxe8=Q+ Kg7 43. Qxg6+ Kf8 44. Qee8# {Black checkmated} 1-0

[Event "Team 45 45 League T71"]
[Site "Internet Chess Club"]
[Date "2017.01.07"]
[Round "4"]
[White "armand068new"]
[Black "Rushu2009"]
[Result "1-0"]
[WhiteElo "1538"]
[BlackElo "1255"]
[Opening "Queen's pawn game"]
[ECO "D00"]
[Time "14:00:36"]
[TimeControl "2700+45"]

1. d4 d5 2. e3 Nf6 3. c4 c6 4. Nc3 Bf5 5. Nf3 e6 6. a3 Bd6 7. Bd2 O-O 8. Be2 Qb6
9. c5 Qxb2 10. cxd6 Nbd7 11. Ne5 Nxe5 12. dxe5 Ne4 13. Nxe4 Bxe4 14. f4 Bxg2 15.
Rg1 Be4 16. Qc1 Qb6 17. Qc3 f6 18. exf6 Rxf6 19. Qxf6 g6 20. Bc3 Qc7 21. Qh8+
Kf7 22. Qg7+ Ke8 23. dxc7 Rc8 24. Qg8+ Kd7 25. Qxh7+ Kd6 26. Be5+ Kc5 27. Rc1+
Bc2 28. Rxc2+ Kb6 29. Bd4+ Ka5 30. Qd7 Ka4 31. Qxc8 Kb3 32. Rc3+ Kb2 33. Rc5+
Kxa3 34. Qxb7 Ka4 35. Kd2 Ka3 36. Ra1# {Black checkmated} 1-0

[Event "Team 45 45 League T71"]
[Site "Internet Chess Club"]
[Date "2017.01.04"]
[Round "4"]
[White "kwen2008"]
[Black "justice02"]
[Result "0-1"]
[WhiteElo "1538"]
[BlackElo "1715"]
[Opening "Caro-Kann: advance variation"]
[ECO "B12"]
[Time "22:00:21"]
[TimeControl "2700+45"]

1. e4 c6 2. d4 d5 3. e5 Bf5 4. Nf3 h6 5. Be2 e6 6. O-O Nd7 7. Nbd2 Bb4 8. Nb3 a5
9. a4 g5 10. h3 Bf8 11. Bd2 b6 12. Be3 Bg7 13. Qd2 Ne7 14. Qc3 Qc7 15. Nfd2 O-O
16. Nb1 f6 17. exf6 Nxf6 18. Na3 Ne4 19. Qe1 Bg6 20. Nd2 Nf5 21. Nxe4 Nxe3 22.
fxe3 Bxe4 23. Qc3 Qg3 24. Rxf8+ Rxf8 25. Bf1 Rf2 {White resigns} 0-1

[Event "Team 45 45 League T71"]
[Site "Internet Chess Club"]
[Date "2017.01.14"]
[Round "4"]
[White "zepled37"]
[Black "andrewliang"]
[Result "1-0"]
[WhiteElo "1707"]
[BlackElo "1667"]
[Opening "Ruy Lopez: closed, anti-Marshall 8.a4"]
[ECO "C88"]
[Time "11:07:23"]
[TimeControl "2700+45"]

1. e4 e5 2. Nf3 Nc6 3. Bb5 a6 4. Ba4 Nf6 5. O-O Be7 6. Re1 b5 7. Bb3 O-O 8. a4
Bb7 9. c3 d6 10. d4 h6 11. Nbd2 Re8 12. Nf1 Bf8 13. Ng3 Qd7 14. Bc2 Na5 15. axb5
axb5 16. d5 g6 17. h3 Nc4 18. Rxa8 Rxa8 19. Nh2 Ra1 20. Qe2 Kh7 21. Ng4 Nxg4 22.
hxg4 Be7 23. Bd3 Ba6 24. b3 Nb6 25. Qb2 Ra5 26. b4 Ra4 27. Bc2 Qxg4 28. Bxa4
Nxa4 29. Qc2 Bh4 30. Qe2 Qd7 31. Qf3 Kg7 32. Nf1 Bd8 33. Re3 Bg5 34. Re1 Bd8 35.
Nd2 Nb6 36. Nb3 Nc4 37. Nd2 Nb6 38. Nb3 Nc4 39. g3 Bb7 40. Nd2 Nb6 41. Nb3 Nc4
42. Kg2 h5 43. Qd1 f6 44. Be3 Nb6 45. Bxb6 cxb6 46. Qd3 Qc7 47. Ra1 Qc8 48. Rc1
Ba6 49. Ra1 Bc7 50. Nc1 Bb8 51. Ne2 Kf7 52. f4 Kg7 53. Ra3 Kf7 54. Ra1 Kg7 55.
Rh1 Kh6 56. fxe5 fxe5 57. Rf1 Qd7 58. Qf3 Bc8 59. Qf8+ Kg5 60. Qf6+ Kh6 61. Rh1
Qg4 62. Qf3 Qd7 63. Qe3+ g5 64. Qf3 g4 65. Qf6+ {Black resigns} 1-0

[Event "Team 45 45 League T71"]
[Site "Internet Chess Club"]
[Date "2017.01.09"]
[Round "4"]
[White "dinosaurchess"]
[Black "Grenadier"]
[Result "1/2-1/2"]
[WhiteElo "1375"]
[BlackElo "1574"]
[Opening "Caro-Kann: advance variation"]
[ECO "B12"]
[Time "21:15:25"]
[TimeControl "2700+45"]

1. e4 c6 2. d4 d5 3. e5 Bf5 4. Bf4 e6 5. h3 Qb6 6. b3 Ne7 7. Nf3 Ng6 8. Bg3 Be7
9. Be2 Nd7 10. O-O c5 11. Nc3 Rc8 12. Bd3 Bxd3 13. Qxd3 cxd4 14. Na4 Qc7 15.
Qxd4 b5 16. Nb2 O-O 17. Rac1 Bc5 18. Qd3 Ba3 19. Rb1 a6 20. Qe3 Qc5 21. Nd4 Qc3
22. Qxc3 Rxc3 23. Rfe1 Bc5 24. Nf3 Rxc2 25. Rec1 Rxc1+ 26. Rxc1 Ba3 27. Rc2 Bxb2
28. Rxb2 Rc8 29. Kh2 h5 30. Re2 Ne7 31. Nd4 g5 32. f3 h4 33. Be1 Nf5 34. Nxf5
exf5 35. Bb4 Re8 36. Bd6 Re6 37. Rd2 Nxe5 38. Rxd5 Ng6 39. Bc5 g4 40. hxg4 fxg4
41. fxg4 Re2 42. Rd8+ Kh7 43. Bb4 Rxa2 44. Rd7 Rf2 45. Be1 Rf1 46. Bc3 Nf8 47.
Ra7 Kg6 48. Rxa6+ Kg5 49. Ra5 Ne6 50. Rxb5+ Kxg4 51. Rb4+ Kh5 52. Re4 Rc1 53.
Bf6 Rb1 54. b4 h3 55. Kxh3 Ng5+ 56. Bxg5 Kxg5 57. Rc4 f5 58. g3 Rb3 59. Kg2 Rb2+
60. Kf3 Rb3+ 61. Kg2 Rb2+ 62. Kh3 Rb3 63. Kg2 {Game drawn by repetition} 1/2-1/2

[Event "Team 45 45 League T71"]
[Site "Internet Chess Club"]
[Date "2017.01.07"]
[Round "4"]
[White "GoIrish"]
[Black "ilovepi"]
[Result "1-0"]
[WhiteElo "1526"]
[BlackElo "1237"]
[Opening "Réti: King's Indian attack"]
[ECO "A05"]
[Time "20:00:32"]
[TimeControl "2700+45"]

1. Nf3 Nf6 2. g3 g6 3. Bg2 Bg7 4. O-O d5 5. d3 O-O 6. Nbd2 c5 7. c4 Bf5 8. cxd5
Qd7 9. e4 Bh3 10. Rb1 Bxg2 11. Kxg2 e6 12. dxe6 Qxd3 13. exf7+ Rxf7 14. Qb3 Qxb3
15. axb3 b5 16. e5 Ng4 17. e6 Re7 18. h3 Ne5 19. Nxe5 Bxe5 20. f4 Bg7 21. Re1
Nc6 22. g4 Nd4 23. Nf3 Nxb3 24. f5 gxf5 25. Bg5 Ree8 26. gxf5 Kf8 27. f6 Bxf6
28. Bxf6 h6 29. Rbd1 Rac8 30. Rd7 Rc6 31. Rf7+ Kg8 32. Rg7+ Kf8 33. e7+ Rxe7 34.
Rexe7 Rxf6 35. Ne5 a5 36. Nd7# {Black checkmated} 1-0